 Dungeon Crawl Stone Soup version 0.30.1-9-gdf580d7c3d (webtiles) character file.

Game seed: 9079626764687340265

2480 KittyFluff the Covered (level 9, -1/57 HPs)
             Began as a Gargoyle Berserker on Oct 4, 2023.
             Was a High Priest of Trog.
             Slain by a wight
             ... wielding a +0 trident
              (9 damage)
             ... on level 7 of the Dungeon.
             The game lasted 00:29:16 (6477 turns).

KittyFluff the Covered (Gargoyle Berserker)         Turns: 6477, Time: 00:29:17

Health: -1/57      AC: 13    Str: 21    XL:     9   Next: 51%
Magic:  9/9        EV: 13    Int:  8    God:    Trog [*****.]
Gold:   482        SH:  0    Dex: 13    Spells: 8/8 levels left

rFire   . . .        a - +3 flail
rCold   + . .        (no shield)
rNeg    + . .        M - +0 leather armour {rC+}
rPois   ∞            (no helmet)
rElec   +            (no cloak)
rCorr   .            f - +0 pair of gloves
SInv    +            m - +0 pair of boots
Will    .....        (no amulet)
Stlth   +            s - +4 ring of slaying
HPRegen 0.29/turn    P - ring of see invisible
MPRegen 0.11/turn

%: no passive effects
@: on berserk cooldown, slowed, very slow
A: sickness immunity, AC +6, negative energy resistance 1, electricity
resistance, torment resistance 1, petrification resistance
a: Renounce Religion, Berserk, Trog's Hand, Brothers in Arms


You were on level 7 of the Dungeon.
You worshipped Trog.
Trog was extremely pleased with you.
You visited 1 branch of the dungeon, and saw 7 of its levels.
You also visited: Sewer.

You collected 482 gold pieces.

Inventory:

Hand Weapons
 a - a +3 flail (weapon)
 v - a +3 dire flail of venom
 x - the +6 whip of Untimely Demise {flame, rElec}
   (You found it in a sewer)

   rElec:     It insulates you from electricity.
 y - a +0 sling
 E - a +2 whip of freezing
 Q - a +0 shortbow
Missiles
 h - 2 javelins
 l - 31 poisoned darts (quivered)
Armour
 b - a +4 chain mail of cold resistance
 f - a +0 pair of gloves (worn)
 m - a +0 pair of boots (worn)
 M - a +0 leather armour of cold resistance (worn)
 O - a +0 robe of willpower
Jewellery
 s - a +4 ring of slaying (left hand)
 P - a ring of see invisible (right hand)
Wands
 A - a wand of mindburst (20)
 N - a wand of iceblast (8)
Scrolls
 j - 2 scrolls of immolation
 n - 2 scrolls of silence {unknown}
 o - 2 scrolls of poison
 p - a scroll of fog {unknown}
 q - 2 scrolls of magic mapping {unknown}
 r - a scroll of fear {unknown}
 t - 6 scrolls of teleportation
 C - a scroll of amnesia {unknown}
 G - a scroll of brand weapon {unknown}
 H - 3 scrolls of butterflies {unknown}
 I - a scroll of blinking {unknown}
 J - a scroll of vulnerability
Potions
 c - 2 potions of curing
 d - 2 potions of haste
 e - a potion of cancellation
 g - 3 potions of mutation
 i - 2 potions of attraction {unknown}
 k - a potion of degeneration {unknown}
 u - 5 potions of flight
 w - 2 potions of invisibility {unknown}
 z - a potion of ambrosia {unknown}
 B - 2 potions of heal wounds
 D - a potion of brilliance {unknown}
 K - a potion of berserk rage {unknown}
 L - a potion of might {unknown}
Miscellaneous
 F - a piece from Xom's chessboard (15/15)


   Skills:
 + Level 7.1 Fighting
 * Level 7.4 Maces & Flails
 * Level 7.8 Armour
 + Level 5.0 Dodging


You had 8 spell levels left.
You didn't know any spells.
Your spell library was empty.

Dungeon Overview and Level Annotations

Branches:
Dungeon (7/15)             Temple (0/1) D:6           Sewer (visited)

Altars:
Xom
The Shining One


Innate Abilities, Weirdness & Mutations

You are immune to sickness and miasma.
Your stone body is resilient. (AC +6)
You are immune to poison.
You resist negative energy. (rN+)
You are resistant to electric shocks. (rElec)
You are resistant to unholy torment.
You are immune to petrification.


Message History

The killer bee closely misses you. The wight closely misses you.
The killer bee stings you but does no damage.
You closely miss the killer bee.
The killer bee is moderately wounded.
The killer bee closely misses you. The wight hits you but does no damage.
You sock the killer bee!
The killer bee is almost dead.
The killer bee stings you.
* * * LOW HITPOINT WARNING * * *
You sock the killer bee!
You kill the killer bee!
Trog accepts your kill. The wight misses you.
You bludgeon the wight!!
You destroy the wight!
Trog accepts your kill. The wight closely misses you.
Your Dodging skill increases to level 5!
Items here: ) [ ††††.
You sock the wight!
The wight is moderately damaged.
A wight comes into view. It is wielding a +3 great sword.
The wight closely misses you. The wight hits you but does no damage.
You closely miss the wight.
The wight is moderately damaged.
The wight barely misses you. The wight hits you but does no damage.
You bludgeon the wight!!
You destroy the wight!
Trog accepts your kill.
You feel a strong urge to attack something.
You are no longer berserk.
You are exhausted.
You feel yourself slow down. The wight barely misses you.
The wight hits you from afar with a +0 trident!
* * * LOW HITPOINT WARNING * * *
The wight hits you from afar with a +0 trident.
* * * LOW HITPOINT WARNING * * *
The wight hits you from afar with a +0 trident!
You die...

#.########
.......†.#
..##.###.###
#>...#
##.#.# ###.#
#.# #(# #@#
###.# #.z.#
#S### #s#
#.#
########s#
#.sS.).#.#
zz.####z#z#


You could see a water moccasin, a scorpion and a wight.

Vanquished Creatures
  Edmund (D:4)
  Duvessa (D:5)
  An orc warrior (D:6)
  3 ice beasts
  An ogre (D:4)
  A phantom (D:5)
  A centaur (D:7)
  A kobold brigand (D:4)
  Blork the orc (D:6)
  3 scorpions
  2 wights (D:7)
  Dowan (D:5)
  5 killer bees (D:7)
  An electric eel (D:6)
  2 howler monkeys
  An orc priest (D:6)
  4 hounds
  2 jellies (D:6)
  A sleepcap (D:6)
  2 iguanas (D:5)
  5 orc wizards
  A sickly merfolk siren (Sewer)
  A malarious merfolk avatar (Sewer)
  4 gnolls (D:3)
  13 adders
  2 river rats (Sewer)
  A shadow imp (D:6)
  2 white imps
  4 ufetubi
  5 worms
  3 dart slugs
  11 orcs
  13 ball pythons
  10 endoplasms
  8 giant cockroaches
  5 goblins
  9 hobgoblins
  3 jackals (D:3)
  8 quokkas
  5 bats
  10 frilled lizards
  27 kobolds
  24 rats
209 creatures vanquished.

Vanquished Creatures (others)
  A butterfly (D:4)
1 creature vanquished.

Grand Total: 210 creatures vanquished

Notes
Turn   | Place    | Note
-------+----------+-------------------------------------------
     0 | D:1      | KittyFluff the Gargoyle Berserker began the quest for the
                  | Orb.
     0 | D:1      | Reached XP level 1. HP: 14/14 MP: 1/1
   168 | D:1      | Reached XP level 2. HP: 11/19 MP: 2/2
   402 | D:1      | Reached XP level 3. HP: 16/23 MP: 3/3
   807 | D:2      | Reached ** piety under Trog
   905 | D:2      | Reached XP level 4. HP: 29/29 MP: 4/4
  1537 | D:3      | Found a glowing drain.
  1557 | Sewer    | Entered a sewer
  1641 | Sewer    | Reached XP level 5. HP: 33/33 MP: 5/5
  1763 | Sewer    | Reached *** piety under Trog
  1973 | Sewer    | Identified the +6 whip of Untimely Demise {flame, rElec}
  2175 | D:3      | Reached XP level 6. HP: 39/39 MP: 6/6
  3329 | D:4      | Noticed Edmund
  3344 | D:4      | Killed Edmund
  3345 | D:4      | Reached skill level 5 in Fighting
  3345 | D:4      | Reached XP level 7. HP: 42/44 MP: 7/7
  3347 | D:4      | HP: 2/66 [ogre/+0 giant club (28)]
  3668 | D:4      | Reached **** piety under Trog
  3691 | D:4      | Reached skill level 5 in Maces & Flails
  3691 | D:4      | Reached skill level 5 in Armour
  3872 | D:4      | Found a shimmering altar of Xom.
  4056 | D:4      | Found a glowing golden altar of the Shining One.
  4465 | D:5      | Entered Level 5 of the Dungeon
  4504 | D:5      | Reached XP level 8. HP: 50/51 MP: 8/8
  4563 | D:5      | Noticed Duvessa
  4564 | D:5      | Noticed Dowan
  4581 | D:5      | Killed Duvessa
  4619 | D:5      | Killed Dowan
  5706 | D:6      | Reached XP level 9. HP: 16/56 MP: 9/9
  6110 | D:6      | Found a staircase to the Ecumenical Temple.
  6140 | D:6      | Noticed Blork the orc
  6148 | D:6      | Killed Blork the orc
  6449 | D:7      | Reached ***** piety under Trog
  6462 | D:7      | Reached skill level 5 in Dodging
  6477 | D:7      | Slain by a wight

Illustrated notes

Levels and vault maps discovered:
D:1:      psy_arrival_fountain, layout_rooms, minmay_unequal
D:2:      layout_loops_ring
D:3:      layout_basic, portal_sewer_entry_f, lightli_corner_chamber
D:4:      kennysheep_kobold_camp, layout_loops_ring, old_standard_altar,
          xom_butterflies, uniq_edmund
D:5:      layout_basic, uniq_duvessa
D:6:      layout_basic, minmay_temple_entry_mini_moons,
          chequers_serial_rivers_micro_e, fountainhead, chequers_garden,
          st_stairs_5, uniq_blork_the_orc
D:7:      layout_loops_cross, minmay_lizard_king, uniq_crazy_yiuf_cottage

Skill      XL: |  1  2  3  4  5  6  7  8  9 |
---------------+----------------------------+-----
Dodging        | 2 3 4 5 |  5.0
Armour         | 3 4 5 6 7 |  7.8
Fighting       | 4 5 6 7 |  7.1
Maces & Flails | 4 5 6 7 |  7.4

Action                     |  1- 3 |  4- 6 |  7- 9 || total
---------------------------+-------+-------+-------++-------
  Melee: Mace              |     8 |       |       ||     8
         Flail             |    89 |   226 |   288 ||   603
         Punch             |     1 |     2 |     5 ||     8
  Throw: Dart              |       |     1 |     9 ||    10
 Invoke: Berserk           |       |     2 |     1 ||     3
    Use: Scroll            |       |     5 |     2 ||     7
   Stab: Sleeping          |     1 |       |       ||     1
 Armour: Animal skin       |    46 |    98 |    35 ||   179
         Leather armour    |       |       |    76 ||    76
  Dodge: Dodged            |    71 |   140 |   161 ||   372
